 Dungeon Crawl Stone Soup version 0.28.0-43-g3370ac3207 (webtiles) character file.

Game seed: 7463439971648370541

43 themarg the Thaumaturge (level 3, -4/25 HPs)
             Began as a Gnoll Wanderer on Mar 3, 2022.
             Slain by a gnoll
             ... wielding a +0 flail
              (11 damage)
             ... on level 1 of the Dungeon.
             The game lasted 00:05:44 (2722 turns).

themarg the Thaumaturge (Gnoll Wanderer)            Turns: 2722, Time: 00:05:45

Health: -4/25      AC:  3    Str: 11    XL:     3   Next: 58%
Magic:  13/13      EV: 11    Int: 12    God:
Gold:   43         SH:  0    Dex: 12    Spells: 19/20 levels left

rFire   . . .      SeeInvis .   a - +0 dagger
rCold   . . .      Faith    .   (no shield)
rNeg    . . .      Spirit   .   d - +0 robe
rPois   .          Reflect  .   g - +0 helmet
rElec   .          Harm     .   (no cloak)
rCorr   .          Rampage  .   (no gloves)
Will    .....                   (no boots)
Stlth   +.........              (no amulet)
HPRegen 0.08/turn               (no ring)
MPRegen 0.13/turn               (no ring)

@: no status effects
A: fangs 1, strong nose, distributed training
a: no special abilities


You were on level 1 of the Dungeon.
You visited 1 branch of the dungeon, and saw 2 of its levels.

You collected 43 gold pieces.

Inventory:

Hand Weapons
 a - a +0 dagger (weapon)
Missiles
 b - 15 poisoned darts (quivered)
 f - 26 arrows
 h - 9 stones
Armour
 d - a +0 robe (worn)
 g - a +0 helmet (worn)
Jewellery
 q - a ring of see invisible
Scrolls
 c - a scroll of fog
 e - a scroll of blinking {unknown}
 i - 2 scrolls of enchant armour {unknown}
 j - a scroll of enchant weapon {unknown}
 m - a scroll of identify {unknown}
 n - a scroll of vulnerability {unknown}
 p - a scroll of teleportation {unknown}
Potions
 k - a potion of curing {unknown}
 l - a potion of haste {unknown}
 o - a potion of attraction {unknown}
 r - a potion of heal wounds {unknown}


   Skills:
 + Level 0.8 Fighting
 + Level 0.8 Short Blades
 + Level 0.8 Long Blades
 + Level 0.8 Axes
 + Level 0.8 Maces & Flails
 + Level 0.8 Polearms
 + Level 0.8 Staves
 + Level 0.8 Slings
 + Level 0.8 Bows
 + Level 0.8 Crossbows
 + Level 2.6 Throwing
 + Level 2.6 Armour
 + Level 0.8 Dodging
 + Level 0.8 Stealth
 + Level 0.8 Shields
 + Level 4.5 Unarmed Combat
 + Level 9.3 Spellcasting
 + Level 0.5 Conjurations
 + Level 0.5 Hexes
 + Level 0.5 Summonings
 + Level 0.5 Necromancy
 + Level 0.5 Translocations
 + Level 0.5 Transmutations
 + Level 0.5 Fire Magic
 + Level 0.5 Ice Magic
 + Level 0.5 Air Magic
 + Level 0.5 Earth Magic
 + Level 0.5 Poison Magic
 + Level 1.0 Invocations
 + Level 2.6 Evocations


You had 19 spell levels left.
You knew the following spells:

 Your Spells              Type           Power      Damage    Failure   Level
a - Beastly Appendage     Tmut           12%        N/A       11%         1

Your spell library contained the following spells:

 Spells                   Type           Power      Damage    Failure   Level
 Searing Ray              Conj           12%        2d4       16%         2
 Sublimation of Blood     Necr           6%         N/A       16%         2
 Gell's Gravitas          Tloc           6%         N/A       30%         3


Dungeon Overview and Level Annotations

Branches:
Dungeon (2/15)

Altars:


Innate Abilities, Weirdness & Mutations

You have very sharp teeth.
Your uncanny sense of smell can sniff out nearby items.
Your experience applies equally to all skills.


Message History

A hobgoblin and a gnoll come into view.
The gnoll shouts!
You hear a shout! x3
The gnoll closely misses you.
A gnoll comes into view. It is wielding a +0 flail.
Found 12 stones.
A gnoll comes into view. It is wielding a +0 flail.
The gnoll shouts!
A gnoll comes into view. It is wielding a +0 whip.
The gnoll moves out of view.
There is an open door here.
You closely miss the gnoll.
The gnoll hits you from afar with a +0 halberd!
Ouch! That really hurt!
You barely miss the gnoll. You bite the gnoll.
The gnoll is lightly wounded.
The gnoll hits you with a +0 flail.
You hit the gnoll.
The gnoll is lightly wounded.
The gnoll hits you with a +0 flail. The gnoll barely misses you.
Found a scroll labelled IMOTZUJ AVEBASTRIN.
Found a leather armour.
There is a stone staircase leading up here.
The gnoll hits you with a +0 flail.
* * * LOW HITPOINT WARNING * * *
You climb upwards.
There is a stone staircase leading down here.
You hit the gnoll.
The gnoll is moderately wounded.
The gnoll barely misses you.
You completely miss the gnoll.
The gnoll is moderately wounded.
The gnoll barely misses you.
You closely miss the gnoll. You bite the gnoll.
The gnoll is moderately wounded.
The gnoll hits you with a +0 flail.
* * * LOW HITPOINT WARNING * * *
You closely miss the gnoll.
The gnoll is moderately wounded.
The gnoll hits you with a +0 flail!
You die...

### #####.# #.....#
#.###.# #.#...#
###############.#.###
#...............#.#
###.###############.#
....# #....g@...#
##### ....#
###.######### #...#
....# #...# #.#.#
....# #.### #.#.#
....# #.# #.#.# ....#
#.# #.#.# ....# #.#
#.#.# ....#####.#
#.#.# ....#...#.#
#.#.#


You could see a gnoll.

Vanquished Creatures
  An adder (D:2)
  4 ball pythons
  2 endoplasms
  A giant cockroach (D:2)
  4 goblins (D:1)
  3 hobgoblins
  4 kobolds (D:1)
  A quokka (D:1)
  3 bats
  5 frilled lizards
  5 rats
33 creatures vanquished.

Notes
Turn   | Place    | Note
-------+----------+-------------------------------------------
     0 | D:1      | Reached skill level 9 in Spellcasting
     0 | D:1      | themarg the Gnoll Wanderer began the quest for the Orb.
     0 | D:1      | themarg set off with the following items: a +0 dagger, 12
                  | poisoned darts, a scroll of fog, a +0 robe; and the
                  | following spell memorised: Beastly Appendage; and the
                  | following spells available to memorise: Searing Ray,
                  | Sublimation of Blood, Gell's Gravitas
     0 | D:1      | Reached XP level 1. HP: 13/13 MP: 10/10
   310 | D:1      | Reached XP level 2. HP: 19/19 MP: 12/12
  1691 | D:1      | Reached XP level 3. HP: 25/25 MP: 13/13
  2279 | D:2      | Reached skill level 1 in Invocations
  2722 | D:1      | Slain by a gnoll

Illustrated notes

Levels and vault maps discovered:
D:1:      shiori_arrival_maze, layout_basic
D:2:      layout_basic, serial_rivers, chequers_serial_rivers_small_a,
          chequers_serial_rivers_micro_b, chequers_serial_rivers_micro_c,
          chequers_serial_rivers_marsh, chequers_serial_rivers_room_a,
          kennysheep_jessica_study

Skill      XL: |  1  2  3 |
---------------+----------+-----
Spellcasting   | |  9.3
Invocations    | 1 |  1.0
Fighting       | |  0.8
Short Blades   | |  0.8
Long Blades    | |  0.8
Axes           | |  0.8
Maces & Flails | |  0.8
Polearms       | |  0.8
Staves         | |  0.8
Slings         | |  0.8
Bows           | |  0.8
Crossbows      | |  0.8
Throwing       | |  2.6
Armour         | |  2.6
Dodging        | |  0.8
Stealth        | |  0.8
Shields        | |  0.8
Unarmed Combat | |  4.5
Conjurations   | |  0.5
Hexes          | |  0.5
Summonings     | |  0.5
Necromancy     | |  0.5
Translocations | |  0.5
Transmutations | |  0.5
Fire Magic     | |  0.5
Ice Magic      | |  0.5
Air Magic      | |  0.5
Earth Magic    | |  0.5
Poison Magic   | |  0.5
Evocations     | |  2.6

Action                   || total
-------------------------++-------
Melee: Dagger            ||   158
       Bite              ||    18
       Punch             ||     3
 Stab: Sleeping          ||     1
Armor: Robe              ||    38
Dodge: Dodged            ||    91
